 Dungeon Crawl Stone Soup version 0.18.1-8-gdd0e5ea (webtiles) character file.

828 georgeearnest the Ruffian (level 7, -1/61 HPs)
             Began as a Yellow Draconian Monk on May 24, 2016.
             Was a Priest of Pakellas.
             Killed from afar by an orc wizard (9 damage)
             ... with a wand of acid
             ... on level 6 of the Dungeon.
             The game lasted 00:13:02 (6124 turns).

georgeearnest the Ruffian (Yellow Draconian Monk)   Turns: 6124, Time: 00:13:03

Health: -1/61      AC:  6    Str: 15    XL:     7   Next: 64%
Magic:  7/7        EV: 15    Int: 10    God:    Pakellas [***...]
Gold:   327        SH:  0    Dex: 14    Spells: 0 memorised, 6 levels left

rFire  . . .     SeeInvis .       - Unarmed
rCold  . . .     Gourm    .     (armour unavailable)
rNeg   . . .     Faith    .     (no shield)
rPois  .         Spirit   .     (helmet restricted)
rElec  .         Dismiss  .     (no cloak)
rCorr  +         Reflect  .     (no gloves)
SustAt .         Harm     .     (no boots)
MR     .....                    (no amulet)
Stlth  ++........               (no ring)
                                b - ring of resist corrosion

@: not resistant to hostile enchantments, unstealthy
A: spit acid, acid resistance, unfitting armour, cold-blooded, AC +6
a: Spit Acid, Quick Charge, Device Surge, Renounce Religion


You were on level 6 of the Dungeon.
You worshipped Pakellas.
Pakellas was most pleased with you.
You were not hungry.

You visited 1 branch of the dungeon, and saw 6 of its levels.

You collected 327 gold pieces.

Inventory:

Jewellery
 b - a ring of resist corrosion (left hand)
 q - an uncursed amulet of magic regeneration {unknown}
Wands
 a - a wand of paralysis (11/24)
 k - a wand of random effects (19/48)
Scrolls
 g - a scroll of fear {unknown}
 j - 4 scrolls of identify
 p - a scroll of noise {unknown}
 r - 2 scrolls of remove curse
 t - a scroll of teleportation {unknown}
 u - a scroll of blinking {unknown}
 v - a scroll of enchant weapon {unknown}
 w - a scroll of fog {unknown}
 x - a scroll of random uselessness {unknown}
 y - a scroll of magic mapping {unknown}
Potions
 d - 2 potions of flight {unknown}
 e - a potion of cure mutation
 h - 2 potions of degeneration
 m - 2 potions of brilliance {unknown}
 o - a potion of beneficial mutation {unknown}
 s - a potion of invisibility
Miscellaneous
 n - a sack of spiders {used: 13}
Comestibles
 c - 3 meat rations
 i - a royal jelly
 l - a bread ration


   Skills:
 + Level 5.2 Fighting
 + Level 5.6 Dodging
 + Level 3.5 Stealth
 + Level 5.9 Unarmed Combat
 + Level 1.1 Evocations


You had 6 spell levels left.
You didn't know any spells.

Dungeon Overview and Level Annotations

Branches:
Dungeon (6/15)             Temple (0/1) D:5

Altars:
Ashenzari
Cheibriados
Gozag
Okawaru
Pakellas
Qazlal
Sif Muna
Vehumet


Innate Abilities, Weirdness & Mutations

You can spit globs of acid.
You are resistant to acid.
Your golden yellow scales are hard (AC +6).
Your body does not fit into most forms of armour.
You are cold-blooded and may be slowed by cold attacks.


Message History

Something misses your worker ant.
A puff of flame appears from out of thin air!
The puff of flame hits your worker ant.
You hear a zap.
A bolt of acid appears from out of thin air!
The bolt of acid hits your worker ant.
Your worker ant dies!
Your worker ant's corpse disappears in a puff of smoke!
You hear a zap.
A bolt of acid appears from out of thin air!
The bolt of acid misses you.
You reach into the bag... ...and things crawl out!
You hear a zap.
A bolt of acid appears from out of thin air!
The bolt of acid hits your worker ant.
Your worker ant dies!
Your worker ant's corpse disappears in a puff of smoke!
The bolt of acid hits you! You resist.
You die...
Pakellas says: Time to start the next experiment...

##.........#####
#.......$.......
#......^....####
#.......)...#
##.....))..## ###
##...#...#### ..#
####......... ##.#
#...####...# ##.#
###########@###
>...
.#.###........ยง..#
...
.......###########
... #.#.#### ...
#...####
###....########
...............
###)##..####### #
#..##.#


There were no monsters in sight!

Vanquished Creatures
  A centaur (D:6)
  2 giant frogs
  A scorpion (D:5)
  A howler monkey (D:5)
  2 crimson imps (D:5)
  2 orc priests
  A centaur skeleton (D:4)
  2 hounds
  3 worker ants
  3 adders
  A shadow imp (D:5)
  A worm (D:3)
  3 giant geckos
  3 orcs
  5 giant cockroaches
  8 goblins
  4 hobgoblins
  2 jackals (D:5)
  6 kobolds
  3 quokkas
  3 ball pythons
  8 bats
  7 giant newts
  A jackal skeleton (D:4)
  7 rats
80 creatures vanquished.

Vanquished Creatures (collateral kills)
  Edmund (D:5)
  A giant frog (D:6)
  2 worker ants
  7 gnolls
  7 orcs
18 creatures vanquished.

Vanquished Creatures (others)
  An orc wizard (D:6)
  An orc (D:6)
2 creatures vanquished.

Grand Total: 100 creatures vanquished

Notes
Turn   | Place    | Note
--------------------------------------------------------------
     0 | D:1      | georgeearnest the Draconian Monk began the quest for the Orb.
     0 | D:1      | Reached XP level 1. HP: 19/19 MP: 1/1
   303 | D:1      | Reached XP level 2. HP: 24/26 MP: 2/2
   879 | D:2      | Reached XP level 3. HP: 29/31 MP: 3/3
  2357 | D:3      | Found an oddly glowing altar of Pakellas.
  2563 | D:3      | Became a worshipper of Pakellas the Inventive
  2563 | D:3      | Reached * piety under Pakellas
  2563 | D:3      | Received a gift from Pakellas
  2563 | D:3      | Reached ** piety under Pakellas
  2563 | D:3      | Received a gift from Pakellas
  3063 | D:3      | HP: 1/31 [gnoll/spear (10)]
  3076 | D:3      | Reached XP level 4. HP: 4/39 MP: 4/4
  3660 | D:4      | Reached XP level 5. HP: 33/46 MP: 5/5
  4328 | D:4      | Reached skill level 5 in Unarmed Combat
  4413 | D:4      | Found an opulent altar of Gozag.
  4441 | D:4      | Found a shattered altar of Ashenzari.
  4530 | D:4      | Reached XP level 6. HP: 44/52 MP: 6/6
  4715 | D:5      | Entered Level 5 of the Dungeon
  5046 | D:5      | Reached *** piety under Pakellas
  5046 | D:5      | Received a gift from Pakellas
  5104 | D:5      | Noticed Edmund
  5147 | D:5      | Killed Edmund
  5147 | D:5      | Reached skill level 5 in Dodging
  5147 | D:5      | Your scales start taking on a golden yellow colour.
  5147 | D:5      | Reached XP level 7. HP: 24/60 MP: 7/7
  5368 | D:5      | Found a staircase to the Ecumenical Temple.
  5641 | D:5      | Found a radiant altar of Vehumet.
  5641 | D:5      | Found an iron altar of Okawaru.
  5650 | D:5      | Found a deep blue altar of Sif Muna.
  5650 | D:5      | Found a snail-covered altar of Cheibriados.
  5797 | D:5      | Reached skill level 1 in Evocations
  5872 | D:6      | Found a stormy altar of Qazlal.
  6039 | D:6      | Reached skill level 5 in Fighting
  6124 | D:6      | Killed from afar by an orc wizard

Skill      XL: |  1  2  3  4  5  6  7 |
---------------+----------------------+-----
Dodging        | 3 4 5 |  5.6
Stealth        | 2 3 |  3.5
Fighting       | 4 5 |  5.2
Unarmed Combat | 5 |  5.9
Evocations     | 1 |  1.1

Action                   |  1- 3 |  4- 6 |  7- 9 || total
-------------------------+-------+-------+-------++-------
Melee: Unarmed           |   157 |   129 |    51 ||   337
       Tailslap          |    17 |    12 |     5 ||    34
       Punch             |     2 |     5 |     4 ||    11
 Abil: Spit Acid         |       |       |     1 ||     1
Evoke: Sack of spiders   |     2 |     3 |     9 ||    14
       Wand              |       |       |     3 ||     3
  Use: Scroll            |     3 |       |       ||     3
       Potion            |       |     4 |     2 ||     6
 Stab: Sleeping          |     3 |     1 |       ||     4
       Paralysed         |       |       |     1 ||     1
  Eat: Meat ration       |     1 |     1 |     1 ||     3
       Bread ration      |     1 |       |       ||     1
Armor: Skin              |   104 |    35 |    16 ||   155
Dodge: Dodged            |   199 |    86 |    55 ||   340
